[Event "Titled Tuesday Blitz December 06 Early 2022"]
[White "Hansen, Eric"]
[Black "Sjugirov, Sanan"]
[WhiteFideId "2606771"]
[BlackFideId "4189302"]
[WhiteElo "2568"]
[BlackElo "2613"]
[Result "0-1"]
[Round "11"]
[TimeControl "180+1"]
[Date "2022.12.06"]
[WhiteClock "0:00:02"]
[BlackClock "0:01:09"]

1. d4 Nf6 2. Nf3 d5 3. g3 c6 4. Bg2 Bf5 5. O-O e6 6. c4 Nbd7 7. Nc3 dxc4 8. Nh4 Bg4 9. h3 Bh5 10. g4 Bg6 11. Nxg6 hxg6 12. e4 e5 13. g5 Nh5 14. Ne2 Be7 15. h4 b5 16. a4 a6 17. Be3 O-O 18. Qc2 Qc7 19. Rad1 exd4 20. Nxd4 Ne5 21. Bh3 c5 22. Ne2 Nf3+ 23. Kg2 Nxh4+ 24. Kh1 Nf3 25. Kg2 Qh2+ 26. Kxf3 Qxh3+ 27. Ng3 Nxg3 28. fxg3 f6 29. Ke2 Qg4+ 30. Kd2 Rad8+ 31. Kc1 Rxd1+ 32. Rxd1 Qxg3 33. Qe2 fxg5 34. Rd7 Qe5 35. Bd2 Bf6 36. Bc3 Qf4+ 37. Bd2 Qe5 38. Bc3 Qe6 39. Rd5 Bxc3 40. bxc3 Qf6 41. Qd2 Qf1+ 42. Qd1 g4 43. Rg5 Qf4+ 44. Qd2 Qxe4 45. Kb2 b4 0-1


[Site "https://www.chess.com"]

[Event "Titled Tuesday Blitz December 06 Early 2022"]
[White "Hirneise, Jens"]
[Black "Matveeva, Olga"]
[WhiteFideId "24614734"]
[BlackFideId "24107018"]
[WhiteElo "2345"]
[BlackElo "2056"]
[Result "1-0"]
[Round "11"]
[TimeControl "180+1"]
[Date "2022.12.07"]
[WhiteClock "0:00:35"]
[BlackClock "0:00:17"]

1. d4 d5 2. c4 e6 3. Nc3 Nf6 4. cxd5 exd5 5. Bg5 Be7 6. e3 Nbd7 7. Qc2 c6 8. Bd3 Nh5 9. Bxe7 Qxe7 10. Nge2 g6 11. g4 Ng7 12. h4 h5 13. g5 Nb6 14. Nf4 Bf5 15. a4 Nc4 16. O-O-O Qb4 17. Bxf5 Nxf5 18. Nfxd5 Qa5 19. Nf6+ Kf8 20. e4 Nfd6 21. e5 Nf5 22. e6 fxe6 23. Rhe1 Kf7 24. Qe2 Rhe8 25. Qxc4 1-0


[Site "https://www.chess.com"]

[Event "Titled Tuesday Blitz December 06 Early 2022"]
[White "Ibarra Jerez, Jose Carlos"]
[Black "Andreikin, Dmitry"]
[WhiteFideId "2226332"]
[BlackFideId "4158814"]
[WhiteElo "2638"]
[BlackElo "2735"]
[Result "0-1"]
[Round "11"]
[TimeControl "180+1"]
[Date "2022.12.06"]
[WhiteClock "0:00:05"]
[BlackClock "0:00:08"]

1. a3 h5 2. b4 h4 3. Bb2 Nf6 4. h3 d5 5. Nf3 Bf5 6. e3 e6 7. c4 c6 8. d3 Nbd7 9. Nbd2 a5 10. Qb3 Bd6 11. Be2 Qe7 12. c5 Bc7 13. Qc2 e5 14. e4 Be6 15. Ng5 Nf8 16. O-O Ng6 17. Rfe1 O-O 18. Bf1 axb4 19. axb4 Rxa1 20. Bxa1 Nh5 21. Nxe6 fxe6 22. Be2 Ngf4 23. Bxh5 Nxh5 24. Nf3 d4 25. Qd1 Qf6 26. Bb2 Nf4 27. Kh2 Qg6 28. Nxh4 Qg5 29. g3 Nxd3 30. Qxd3 Rxf2+ 31. Kg1 Rxb2 32. Rf1 Bd8 33. Qf3 Bf6 34. Ng2 Qd2 35. Rf2 Rb1+ 36. Kh2 Qc1 37. g4 Rxb4 38. h4 Qc3 39. g5 Qxf3 40. Rxf3 Be7 41. Ne1 Bxc5 42. Nd3 Rc4 43. g6 Rc3 44. h5 Be7 45. Kg2 Bf6 46. Kf1 c5 47. Ke2 c4 48. Nc5 d3+ 49. Kd1 Bg5 50. Ke1 d2+ 0-1


[Site "https://www.chess.com"]

[Event "Titled Tuesday Blitz December 06 Early 2022"]
[White "Ilkhomi, Jaloliddin"]
[Black "Boyer, Mahel"]
[WhiteFideId "14700948"]
[BlackFideId "45102422"]
[WhiteElo "2045"]
[BlackElo "2455"]
[Result "1-0"]
[Round "11"]
[TimeControl "180+1"]
[Date "2022.12.06"]
[WhiteClock "0:01:46"]
[BlackClock "0:00:01"]

1. d4 Nc6 2. Bf4 Nb8 3. e3 Nf6 4. Nd2 Ng8 5. Ngf3 Nf6 6. Bd3 Ng8 7. c3 Nf6 8. e4 Ng8 9. O-O Nf6 10. Re1 Ng8 11. Bg3 Nf6 12. e5 Ng8 13. Qe2 e6 14. Ne4 d5 15. exd6 cxd6 16. Bb5+ Bd7 17. Bxd6 Bxb5 18. Qxb5+ Qd7 19. Qc5 Na6 20. Qa3 Nh6 21. Ne5 Qd8 22. Qa4+ Qd7 23. Qxd7# 1-0


[Site "https://www.chess.com"]

[Event "Titled Tuesday Blitz December 06 Early 2022"]
[White "Iskusnyh, Sergei"]
[Black "Rustemov, Alexander"]
[WhiteFideId "4120027"]
[BlackFideId "4119002"]
[WhiteElo "2492"]
[BlackElo "2797"]
[Result "0-1"]
[Round "11"]
[TimeControl "180+1"]
[Date "2022.12.06"]
[WhiteClock "0:00:14"]
[BlackClock "0:00:32"]

1. e4 e6 2. d4 d5 3. e5 c5 4. c3 Qb6 5. Nf3 Bd7 6. Na3 cxd4 7. cxd4 Nc6 8. Nc2 Nb4 9. a3 Nxc2+ 10. Qxc2 Rc8 11. Qd1 Bb5 12. Bxb5+ Qxb5 13. Qe2 Qxe2+ 14. Kxe2 Ne7 15. Kd3 Nc6 16. Bd2 Be7 17. Rac1 Kd7 18. Rc2 Rc7 19. Rhc1 Rhc8 20. b4 a6 21. Bg5 Bxb4 22. Rxc6 Rxc6 23. Rxc6 Rxc6 24. axb4 Rc4 25. Bd2 h6 26. Bc3 b6 27. Nd2 Rc8 28. Nb3 Kc6 29. f4 h5 30. h3 h4 31. Nd2 Rh8 32. Nf3 Kb5 33. Be1 a5 34. bxa5 bxa5 35. Ng5 a4 36. Nxf7 Ra8 37. Nd6+ Kc6 38. f5 exf5 39. Nxf5 a3 40. Bc3 a2 41. Ba1 Rb8 42. Ne7+ Kd7 43. Nxd5 Rb1 44. Kc2 Rxa1 45. Kb2 Rd1 46. Kxa2 Rxd4 47. Ne3 Ke6 48. Ng4 Rd2+ 49. Kb3 Rxg2 50. Kc4 Rxg4+ 51. hxg4 h3 0-1


[Site "https://www.chess.com"]

[Event "Titled Tuesday Blitz December 06 Early 2022"]
[White "Jiganchine, Roman"]
[Black "Slovineanu"]
[WhiteFideId "2603667"]
[WhiteElo "2341"]
[BlackElo "2242"]
[Result "0-1"]
[Round "11"]
[TimeControl "180+1"]
[Date "2022.12.07"]
[WhiteClock "0:00:06"]
[BlackClock "0:00:14"]

1. e4 c6 2. d4 d5 3. exd5 cxd5 4. c4 Nf6 5. Nc3 e6 6. Nf3 Bb4 7. cxd5 Nxd5 8. Bd2 O-O 9. Bd3 Nc6 10. O-O Nf6 11. Qe2 b6 12. Rad1 Bb7 13. Bg5 Be7 14. Bb1 Nb4 15. Ne5 Nbd5 16. Rfe1 Rc8 17. Qd3 g6 18. Qh3 Qc7 19. Bh6 Nxc3 20. bxc3 Qxc3 21. Qxc3 Rxc3 22. Bxf8 Bxf8 23. Rc1 Bb4 24. h3 a5 25. Red1 Kg7 26. Rxc3 Bxc3 27. Nc4 b5 28. Nd6 Bc6 29. Bd3 b4 30. Bc4 Bd5 31. Bxd5 Nxd5 32. Ne4 a4 33. g3 a3 34. Kg2 f5 35. Nxc3 Nxc3 36. Rd2 b3 37. axb3 a2 38. Rxa2 Nxa2 39. Kf3 Kf6 40. Ke3 Ke7 41. Kd3 Kd6 42. Kc4 Nc1 43. b4 Kc6 44. b5+ Kd6 45. b6 Kc6 46. b7 Kxb7 47. d5 e5 48. d6 Kc6 49. d7 Kxd7 50. Kd5 e4 0-1


[Site "https://www.chess.com"]

[Event "Titled Tuesday Blitz December 06 Early 2022"]
[White "Kazakouski, Valery"]
[Black "Xu, Yi"]
[WhiteFideId "13507443"]
[BlackFideId "8605564"]
[WhiteElo "2516"]
[BlackElo "2471"]
[Result "0-1"]
[Round "11"]
[TimeControl "180+1"]
[Date "2022.12.06"]
[WhiteClock "0:00:14"]
[BlackClock "0:00:51"]

1. Nf3 d5 2. c4 e6 3. b3 d4 4. e3 c5 5. exd4 cxd4 6. g3 Nc6 7. Bg2 Nf6 8. O-O Bd6 9. d3 O-O 10. Bg5 h6 11. Bxf6 Qxf6 12. a3 a5 13. Nbd2 Qd8 14. Qc2 e5 15. c5 Bc7 16. Nc4 Bf5 17. Nfd2 Qd7 18. Rab1 Bh3 19. b4 axb4 20. axb4 Bxg2 21. Kxg2 Qd5+ 22. Kg1 f5 23. b5 Nd8 24. c6 bxc6 25. b6 Bb8 26. Ra1 Rxa1 27. Rxa1 Ne6 28. Ra5 c5 29. Qa2 Kh7 30. Ra6 Ng5 31. h4 Nh3+ 32. Kf1 Qh1+ 33. Ke2 Qc1 34. Kf3 e4+ 35. dxe4 fxe4+ 36. Kxe4 Nxf2+ 37. Kd5 Nd3 38. Ra4 Qh1+ 39. Ke6 Qc6+ 40. Ke7 Qf6+ 41. Kd7 Rd8# 0-1


[Site "https://www.chess.com"]

[Event "Titled Tuesday Blitz December 06 Early 2022"]
[White "Kirillov, Dmitry"]
[Black "Lakshmi C"]
[WhiteFideId "34180572"]
[BlackFideId "25035347"]
[WhiteElo "2111"]
[BlackElo "1942"]
[Result "1-0"]
[Round "11"]
[TimeControl "180+1"]
[Date "2022.12.07"]
[WhiteClock "0:01:11"]
[BlackClock "0:00:03"]

1. e4 c5 2. Nc3 Nc6 3. f4 g6 4. Nf3 Bg7 5. Bc4 e6 6. e5 d5 7. exd6 Qxd6 8. Ne4 Qe7 9. d3 b6 10. O-O Nf6 11. Bb5 Bd7 12. Be3 Nd5 13. Bd2 Bxb2 14. c4 Nc7 15. Bxc6 Bxc6 16. Ne5 Bb7 17. Rb1 Bd4+ 18. Kh1 O-O-O 19. Qe2 f6 20. Nf3 Rhf8 21. a4 Qd7 22. Rfd1 Qc6 23. Nxd4 cxd4 24. Bb4 Rf7 25. a5 e5 26. axb6 axb6 27. c5 bxc5 28. Nxc5 Nd5 29. Nxb7 Rxb7 30. Rdc1 Nc3 31. Bxc3 dxc3 32. Rxb7 Kxb7 33. fxe5 fxe5 34. Qxe5 Rxd3 35. Rb1+ 1-0


[Site "https://www.chess.com"]

[Event "Titled Tuesday Blitz December 06 Early 2022"]
[White "Kleiman, Jake"]
[Black "Tanenbaum, Zachary"]
[WhiteFideId "2020041"]
[BlackFideId "2060850"]
[WhiteElo "2561"]
[BlackElo "2175"]
[Result "1-0"]
[Round "11"]
[TimeControl "180+1"]
[Date "2022.12.07"]
[WhiteClock "0:01:31"]
[BlackClock "0:00:07"]

1. e4 e5 2. Nf3 Nc6 3. Bc4 Nf6 4. d3 Bc5 5. O-O d6 6. c3 O-O 7. Bb3 Bb6 8. h3 Ne7 9. Re1 Ng6 10. Nbd2 Nh5 11. Nf1 Nhf4 12. Ng3 Qf6 13. Nh5 Qe7 14. Nxf4 Nxf4 15. Bxf4 exf4 16. d4 Be6 17. Bc2 Qf6 18. Qd2 Rfe8 19. a4 a5 20. Bd3 Rad8 21. Re2 c6 22. Rae1 g5 23. e5 dxe5 24. Nxe5 Rf8 25. Bc2 Kg7 26. Qd3 Rh8 27. Ng4 Bxg4 28. hxg4 Bc7 29. Re7 Rc8 30. Bb3 Rhf8 31. R1e6 Qxe6 32. Bxe6 Kf6 33. Rxf7+ Rxf7 34. Qf5+ Ke7 35. Qxf7+ Kd6 36. Qd7# 1-0


[Site "https://www.chess.com"]

[Event "Titled Tuesday Blitz December 06 Early 2022"]
[White "Kuznetsov, Mikhail"]
[Black "Fabris, Alberto"]
[WhiteFideId "4117190"]
[BlackFideId "801348"]
[WhiteElo "1981"]
[BlackElo "2218"]
[Result "1/2-1/2"]
[Round "11"]
[TimeControl "180+1"]
[Date "2022.12.07"]
[WhiteClock "0:01:16"]
[BlackClock "0:01:15"]

1. Nf3 Nf6 2. g3 b6 3. Bg2 Bb7 4. O-O e6 5. c4 Be7 6. Nc3 O-O 7. b3 d5 8. Ne5 Nbd7 9. Nxd7 Qxd7 10. Bb2 c5 11. cxd5 Nxd5 12. Nxd5 Bxd5 13. d3 Bxg2 14. Kxg2 Rfd8 15. Rc1 Rac8 16. Rc4 b5 17. Rg4 Bf8 18. Qa1 g6 19. Bf6 Re8 20. Qe5 Qd5+ 21. Re4 Qxe5 22. Rxe5 Bg7 23. Bxg7 Kxg7 24. Rc1 c4 25. dxc4 bxc4 26. Rxc4 Rxc4 27. bxc4 Rc8 28. Ra5 Rxc4 29. Rxa7 Rc2 30. e3 Kf6 31. a4 Ra2 32. a5 h5 33. a6 Kg7 34. h3 g5 35. Kf3 Kg6 36. Ra8 Kg7 37. h4 g4+ 38. Kg2 Ra1 39. a7 Kh7 40. e4 Kg7 41. e5 Kh7 42. Kh2 Kg7 43. Kg2 Kh7 44. Kh2 Kg7 45. Kg2 1/2-1/2


[Site "https://www.chess.com"]

[Event "Titled Tuesday Blitz December 06 Early 2022"]
[White "Kvaloy, Aksel Bu"]
[Black "Korchmar, Vasiliy"]
[WhiteFideId "1528815"]
[BlackFideId "24131750"]
[WhiteElo "2184"]
[BlackElo "2370"]
[Result "1-0"]
[Round "11"]
[TimeControl "180+1"]
[Date "2022.12.06"]
[WhiteClock "0:00:12"]
[BlackClock "0:00:01"]

1. d4 d5 2. c4 c6 3. Nf3 Nf6 4. g3 g6 5. Nc3 dxc4 6. Bg2 Bg7 7. Ne5 Ng4 8. Nxc4 Qxd4 9. Qxd4 Bxd4 10. e3 Bg7 11. Na5 O-O 12. O-O Na6 13. Rd1 Nc5 14. Bd2 Ne5 15. b4 Ncd3 16. Rab1 Bg4 17. Rf1 Nf3+ 18. Bxf3 Bxf3 19. Nxb7 Rab8 20. Nc5 Nxc5 21. bxc5 Rxb1 22. Rxb1 Rd8 23. Be1 g5 24. Kf1 h5 25. Rc1 Rd3 26. Nb1 f5 27. Nd2 Bd5 28. Nc4 g4 29. Ke2 Bxc4 30. Rxc4 Ra3 31. Rc2 Kf7 32. e4 fxe4 33. Bd2 Ke6 34. Be3 Kd5 35. Rd2+ Kc4 36. Rc2+ Rc3 37. Rd2 Rd3 38. Rc2+ Kb5 39. Bg5 Bf6 40. Be3 a5 41. Rc1 Ra3 42. Rc2 a4 43. Rd2 Bc3 44. Rc2 Be5 45. Bg5 e6 46. Be3 Rc3 47. Rb2+ Kc4 48. Rb6 Kd5 49. Rb7 Rc2+ 50. Kf1 Rxa2 51. Rd7+ Kc4 52. Re7 Kd5 53. Rd7+ Kc4 54. Re7 a3 55. Rxe6 Bc3 56. Rxc6 Ra1+ 57. Kg2 a2 58. Ra6 Kb3 59. c6 Rd1 60. c7 a1=Q 61. Rxa1 1-0


[Site "https://www.chess.com"]

[Event "Titled Tuesday Blitz December 06 Early 2022"]
[White "Lawson, Eric"]
[Black "Farmani Anosheh, Armin"]
[WhiteFideId "2604116"]
[BlackFideId "24613240"]
[WhiteElo "2573"]
[BlackElo "2289"]
[Result "1-0"]
[Round "11"]
[TimeControl "180+1"]
[Date "2022.12.07"]
[WhiteClock "0:00:05"]
[BlackClock "0:00:03"]

1. d4 Nf6 2. Bg5 d5 3. Bxf6 gxf6 4. e3 c5 5. c3 e6 6. f4 Nc6 7. Nf3 Qb6 8. Qb3 c4 9. Qc2 f5 10. b3 cxb3 11. axb3 a5 12. Nbd2 Bd7 13. Bd3 Rg8 14. O-O Bd6 15. Ne5 Ke7 16. Rf3 Rg7 17. Rh3 Rag8 18. Bf1 Bxe5 19. fxe5 f4 20. Qd3 fxe3 21. Qxe3 f6 22. exf6+ Kxf6 23. Re1 Ke7 24. Kh1 Kd8 25. Rh6 Rf8 26. h3 Rgf7 27. Bd3 Kc8 28. Rxh7 Rf2 29. Re2 Rxe2 30. Bxe2 e5 31. Qh6 Rf2 32. Bf3 e4 33. Bg4 Bxg4 34. hxg4 Kb8 35. Qd6+ Ka7 36. Qh6 Re2 37. Kg1 e3 38. Nf3 Qxb3 39. Qxc6 Qb1+ 40. Kh2 Qxh7+ 41. Kg3 b6 42. Qxd5 Rb2 43. Qe6 e2 44. d5 1-0


[Site "https://www.chess.com"]

[Event "Titled Tuesday Blitz December 06 Early 2022"]
[White "Le, Tuan Minh"]
[Black "Jobava, Baadur"]
[WhiteFideId "12401153"]
[BlackFideId "13601520"]
[WhiteElo "2530"]
[BlackElo "2582"]
[Result "0-1"]
[Round "11"]
[TimeControl "180+1"]
[Date "2022.12.06"]
[WhiteClock "0:00:02"]
[BlackClock "0:00:05"]

1. d4 c5 2. c3 Qc7 3. Nf3 Nf6 4. Bg5 e6 5. e3 Be7 6. Bd3 b6 7. Nbd2 Bb7 8. Qe2 O-O 9. e4 cxd4 10. cxd4 Nc6 11. O-O Rfc8 12. a3 Qd8 13. h3 h6 14. Bf4 Bf8 15. Rfe1 Ne7 16. Rad1 Ng6 17. Bh2 Nh5 18. Qe3 Nf6 19. Ne5 Ne7 20. Ndc4 Nc6 21. Nxc6 Bxc6 22. Nd6 Bxd6 23. Bxd6 Ba4 24. Rd2 Ne8 25. Bf4 Nf6 26. Ba6 Rc2 27. Rxc2 Bxc2 28. Bb7 Rb8 29. Bxb8 Qxb8 30. Qc3 Qxb7 31. Qxc2 b5 32. Rc1 Qb6 33. Qc5 Qa5 34. e5 Nd5 35. Qc8+ Kh7 36. Qc2+ g6 37. Qd3 Kg7 38. g3 h5 39. h4 Qb6 40. b4 a5 41. bxa5 Qxa5 42. Rb1 Nc7 43. Rb3 Qa4 44. Rc3 Nd5 45. Rc5 b4 46. axb4 Qxb4 47. Rc1 Qb2 48. Rb1 Qa2 49. Rb8 Qa7 50. Rb1 Ne7 51. Qd2 Nd5 52. Rd1 Qa4 53. Rc1 Qa3 54. Rc5 Qa1+ 55. Kg2 Qa8 56. Kg1 Qa1+ 57. Rc1 Qa4 58. Qb2 Qa7 59. Rc5 Qa4 0-1


[Site "https://www.chess.com"]

[Event "Titled Tuesday Blitz December 06 Early 2022"]
[White "Lehtosaari, Mauri"]
[Black "Gatterer, Florian"]
[WhiteFideId "501999"]
[BlackFideId "811688"]
[WhiteElo "2493"]
[BlackElo "2218"]
[Result "0-1"]
[Round "11"]
[TimeControl "180+1"]
[Date "2022.12.07"]
[WhiteClock "0:00:02"]
[BlackClock "0:00:17"]

1. d4 c6 2. Nf3 Nf6 3. Bg5 Ne4 4. Bf4 d5 5. Nbd2 Bf5 6. c3 Qb6 7. Qb3 Nd7 8. h3 h6 9. e3 e6 10. Be2 Be7 11. O-O O-O 12. Nxe4 Bxe4 13. Nd2 Bh7 14. c4 g5 15. Bg3 f5 16. cxd5 exd5 17. Nf3 f4 18. exf4 gxf4 19. Bh4 Bxh4 20. Nxh4 Qxb3 21. axb3 a6 22. Rfe1 Nf6 23. Nf3 Nd7 24. Nh2 Rae8 25. Bh5 Re4 26. f3 Rxd4 27. Re7 Nf6 28. Bg4 Rb4 29. Rae1 Bg6 30. Rc7 Re8 31. Re6 Rxe6 32. Bxe6+ Kf8 33. Ng4 Nxg4 34. fxg4 Rxb3 35. Bc8 Rxb2 36. Bxb7 Be4 37. Bxa6 Rxg2+ 38. Kf1 Rc2 39. h4 c5 40. g5 hxg5 41. hxg5 c4 42. Ke1 Rg2 43. Bxc4 Rxg5 44. Rc5 Re5 45. Kf2 Ke7 46. Be2 Kd6 47. Ra5 Rg5 48. Ra6+ Ke5 49. Bf1 Rh5 50. Kg1 Rh8 51. Kf2 Rb8 52. Ra7 Rb2+ 53. Ke1 f3 54. Ra3 d4 55. Bc4 Kf4 56. Bf1 f2+ 57. Kd1 d3 0-1


[Site "https://www.chess.com"]

[Event "Titled Tuesday Blitz December 06 Early 2022"]
[White "Lenderman, Aleksandr"]
[Black "Gabuzyan, Hovhannes"]
[WhiteFideId "2021285"]
[BlackFideId "13303732"]
[WhiteElo "2607"]
[BlackElo "2486"]
[Result "1-0"]
[Round "11"]
[TimeControl "180+1"]
[Date "2022.12.06"]
[WhiteClock "0:02:28"]
[BlackClock "0:01:01"]

1. e4 c5 2. d4 cxd4 3. c3 Nf6 4. e5 Nd5 5. Nf3 Nc6 6. Bc4 Nb6 7. Bb3 d5 8. exd6 Qxd6 9. cxd4 Be6 10. Nc3 Bxb3 11. Qxb3 e6 12. O-O Be7 13. Rd1 Rd8 14. Be3 O-O 15. d5 Nxd5 16. Nxd5 exd5 17. Qxb7 Rb8 18. Qa6 Rxb2 19. Rac1 Ne5 20. Qxd6 Nxf3+ 21. gxf3 Bxd6 22. Rxd5 Bb8 23. Ra5 Rb7 24. Rc4 Rd8 25. Rca4 Rdd7 26. Kg2 f6 27. Ra6 Kf7 28. h4 h5 29. R4a5 Kg6 30. f4 Re7 31. Rg5+ Kh6 32. f5 Kh7 33. Rxh5+ Kg8 34. Re6 Be5 35. Bc5 Rxe6 36. fxe6 g6 37. e7 Rb8 38. Rh6 Kg7 39. Be3 Re8 40. h5 g5 41. Rg6+ Kh7 42. Bc5 a6 43. Kf3 Rc8 44. Ke4 Ba1 45. Kd5 1-0


[Site "https://www.chess.com"]

[Event "Titled Tuesday Blitz December 06 Early 2022"]
[White "Leve, Nitai"]
[Black "Goroshkov, Maksym"]
[WhiteFideId "2006898"]
[BlackFideId "14142716"]
[WhiteElo "2144"]
[BlackElo "2258"]
[Result "1-0"]
[Round "11"]
[TimeControl "180+1"]
[Date "2022.12.07"]
[WhiteClock "0:02:15"]
[BlackClock "0:02:33"]

1. e4 e5 2. Nf3 d6 3. d4 Bg4 4. Bc4 Nd7 5. Nc3 Ngf6 6. h3 Bxf3 7. gxf3 exd4 8. Qxd4 Ne5 9. Be2 c5 10. Qa4+ Qd7 11. Bb5 Nc6 12. Bg5 Be7 13. O-O-O a6 14. e5 O-O 15. Bxc6 Qf5 16. exf6 Qg4 1-0


[Site "https://www.chess.com"]

[Event "Titled Tuesday Blitz December 06 Early 2022"]
[White "Liu, Xiangyi"]
[Black "Gormally, Daniel W"]
[WhiteFideId "8605718"]
[BlackFideId "406465"]
[WhiteElo "2323"]
[BlackElo "2553"]
[Result "1-0"]
[Round "11"]
[TimeControl "180+1"]
[Date "2022.12.06"]
[WhiteClock "0:01:56"]
[BlackClock "0:02:29"]

1. e4 c5 2. Nf3 d6 3. g3 Nc6 4. Bg2 Bg4 5. h3 Bh5 6. O-O e6 7. c3 Nf6 8. d3 d5 9. exd5 Nxd5 10. Qe2 Be7 11. Nbd2 O-O 12. a4 Qd7 13. Nc4 f6 14. Re1 e5 15. Nfxe5 1-0


[Site "https://www.chess.com"]

[Event "Titled Tuesday Blitz December 06 Early 2022"]
[White "Martin, Lewis"]
[Black "Chernov, Mikhail"]
[WhiteFideId "410551"]
[BlackFideId "24143170"]
[WhiteElo "2145"]
[BlackElo "2113"]
[Result "0-1"]
[Round "11"]
[TimeControl "180+1"]
[Date "2022.12.07"]
[WhiteClock "0:00:31"]
[BlackClock "0:00:26"]

1. e4 c5 2. Nf3 Nc6 3. d4 cxd4 4. Nxd4 Nf6 5. Nc3 d6 6. Be2 e5 7. Nb3 Be7 8. Be3 O-O 9. O-O a5 10. a4 Nb4 11. f3 d5 12. exd5 Nfxd5 13. Nxd5 Nxd5 14. Bf2 Nf4 15. Bb5 Bf5 16. Re1 Qc7 17. c3 Rad8 18. Qc1 Bg5 19. Be3 Bd3 20. g3 Bxb5 21. gxf4 exf4 22. Bd4 Bc6 23. Rf1 Rfe8 24. Qc2 Bd5 25. Nc5 b6 26. Ne4 Bxe4 27. fxe4 Rxd4 28. Qg2 Rd6 0-1


[Site "https://www.chess.com"]

[Event "Titled Tuesday Blitz December 06 Early 2022"]
[White "Mazurkiewicz, Michal"]
[Black "Ismayil, Malak"]
[WhiteFideId "1124943"]
[BlackFideId "13412604"]
[WhiteElo "2081"]
[BlackElo "1880"]
[Result "1-0"]
[Round "11"]
[TimeControl "180+1"]
[Date "2022.12.07"]
[WhiteClock "0:00:18"]
[BlackClock "0:00:01"]

1. e4 e5 2. Nf3 Nc6 3. d3 d6 4. g3 Nf6 5. Bg2 g6 6. O-O Bg7 7. c3 O-O 8. b4 a6 9. a3 Bg4 10. Nbd2 d5 11. h3 Bxf3 12. Qxf3 dxe4 13. dxe4 Qe7 14. Nc4 Qe6 15. Ne3 Rad8 16. Nd5 Ne7 17. Nxc7 Qc6 18. Bg5 Rd6 19. Nd5 Nexd5 20. exd5 Qc4 21. Rad1 Rc8 22. Rfe1 e4 23. Qf4 Rxd5 24. Bxf6 Rf5 25. Rd4 Rxf4 26. Rxc4 Rxc4 27. Bxg7 Rf5 28. Bd4 Rb5 29. Bf1 1-0


[Site "https://www.chess.com"]

[Event "Titled Tuesday Blitz December 06 Early 2022"]
[White "Mendez Fortes, Eduardo Jesus"]
[Black "Osinovsky, Stepan"]
[WhiteFideId "3502376"]
[BlackFideId "4157354"]
[WhiteElo "2307"]
[BlackElo "2222"]
[Result "1-0"]
[Round "11"]
[TimeControl "180+1"]
[Date "2022.12.07"]
[WhiteClock "0:01:41"]
[BlackClock "0:00:02"]

1. e4 e5 2. Nf3 Nc6 3. Bb5 a6 4. Ba4 Nf6 5. O-O Be7 6. Re1 b5 7. Bb3 O-O 8. c3 d5 9. exd5 Nxd5 10. Nxe5 Nxe5 11. Rxe5 c6 12. d4 Bd6 13. Re1 Qh4 14. g3 Qh3 15. Re4 g5 16. Qe2 Bf5 17. Nd2 Nf6 18. f3 Rae8 19. Bc2 g4 20. Rxe8 Rxe8 21. Ne4 Nxe4 22. fxe4 Bxg3 23. hxg3 Qxg3+ 24. Kf1 Re6 25. Qf2 Qh3+ 26. Qg2 Qh4 27. Bf4 Bg6 28. Bg3 Qg5 29. Re1 h5 30. Kg1 h4 31. Be5 f6 32. Bb3 1-0


[Site "https://www.chess.com"]

[Event "Titled Tuesday Blitz December 06 Early 2022"]
[White "Mikhailovsky, Vladimir"]
[Black "Golubev, Mikhail"]
[WhiteFideId "34105414"]
[BlackFideId "14100983"]
[WhiteElo "2295"]
[BlackElo "2374"]
[Result "0-1"]
[Round "11"]
[TimeControl "180+1"]
[Date "2022.12.06"]
[WhiteClock "0:00:01"]
[BlackClock "0:01:17"]

1. e4 c5 2. Nf3 d6 3. d4 Nf6 4. Nc3 cxd4 5. Nxd4 g6 6. f3 Bg7 7. Be3 Nc6 8. Qd2 O-O 9. O-O-O d5 10. exd5 Nxd5 11. Nxc6 bxc6 12. Bd4 e5 13. Bc5 Re8 14. Ne4 Qc7 15. h4 Rd8 16. h5 f5 17. hxg6 fxe4 18. gxh7+ Kh8 19. fxe4 Be6 20. exd5 cxd5 21. Be3 Rab8 22. Bh6 Rdc8 23. Bxg7+ Qxg7 24. Rh5 Bg4 25. Rg5 Qb7 26. Rg8+ Kxh7 27. Bd3+ Kxg8 28. Qg5+ Qg7 0-1


[Site "https://www.chess.com"]

[Event "Titled Tuesday Blitz December 06 Early 2022"]
[White "Mitrovic, Darko R"]
[Black "Osiecki, Stanislaw"]
[WhiteFideId "927023"]
[BlackFideId "1102990"]
[WhiteElo "2150"]
[BlackElo "2088"]
[Result "1-0"]
[Round "11"]
[TimeControl "180+1"]
[Date "2022.12.07"]
[WhiteClock "0:00:03"]
[BlackClock "0:00:01"]

1. d4 Nf6 2. c4 d6 3. Nf3 g6 4. g3 Bg7 5. Bg2 O-O 6. O-O Nbd7 7. Nc3 e5 8. d5 a5 9. e4 Nc5 10. Ne1 Nh5 11. Nd3 Nxd3 12. Qxd3 f5 13. exf5 Bxf5 14. Ne4 Nf6 15. Be3 b6 16. Nxf6+ Qxf6 17. Be4 Bxe4 18. Qxe4 Qf5 19. Qxf5 gxf5 20. Rab1 e4 21. Rfd1 a4 22. Kf1 Rfb8 23. Ke2 b5 24. c5 Be5 25. Rd2 b4 26. Rc1 Rc8 27. Bd4 Bxd4 28. Rxd4 dxc5 29. Rxc5 Rab8 30. Rcc4 b3 31. a3 Rb5 32. Rxa4 Rd8 33. Rab4 Rdxd5 34. Rxd5 Rxd5 35. Rxb3 Kf7 36. Rc3 c5 37. b4 cxb4 38. axb4 Rb5 39. Rc5 Rxb4 40. Rxf5+ Ke6 41. Rh5 Rb7 42. Ke3 Kf6 43. Kxe4 Kg6 44. Rh4 Rb4+ 45. Kf3 Rb3+ 46. Kg2 Rb2 47. Rc4 h5 48. h4 Rb6 49. Rc5 Ra6 50. Rg5+ Kh6 51. f3 Ra2+ 52. Kh3 Rf2 53. Rf5 Rf1 54. g4 hxg4+ 55. fxg4 Ra1 56. Rf6+ Kg7 57. g5 Ra3+ 58. Kg4 Ra4+ 59. Kh5 Rb4 60. Rd6 Kf7 61. Rd7+ Kg8 62. Ra7 1-0


[Site "https://www.chess.com"]

[Event "Titled Tuesday Blitz December 06 Early 2022"]
[White "Mkrtchian, Lilit"]
[Black "Yaran, Siar"]
[WhiteFideId "13300601"]
[BlackFideId "6323006"]
[WhiteElo "2316"]
[BlackElo "2191"]
[Result "0-1"]
[Round "11"]
[TimeControl "180+1"]
[Date "2022.12.07"]
[WhiteClock "0:00:01"]
[BlackClock "0:00:13"]

1. Nf3 Nf6 2. g3 e6 3. Bg2 d5 4. O-O Be7 5. d3 O-O 6. a4 a5 7. Nbd2 Nbd7 8. e4 dxe4 9. dxe4 e5 10. Nh4 Re8 11. Nf5 Bf8 12. Nc4 Nc5 13. Qxd8 Rxd8 14. Bg5 Ncxe4 15. Bxe4 Nxe4 16. Bxd8 Bxf5 17. Bxc7 Rc8 18. Ne3 Rxc7 19. Nxf5 Rxc2 20. Rac1 Rxb2 21. Rc8 g6 22. Nh6+ Kg7 23. Rd1 Bc5 24. Ng4 h5 25. Re1 Ng5 26. Rxc5 Nf3+ 27. Kf1 Nxe1 28. Nxe5 Rb1 29. Ke2 b6 30. Rc7 Kf6 31. Nxf7 Nc2 32. Rxc2 Kxf7 33. Rc6 g5 34. h4 gxh4 35. gxh4 Rb4 36. Ke3 Rxh4 37. Rxb6 Rxa4 38. Ra6 Kg7 39. f4 h4 40. Kf3 h3 41. Kg3 Ra3+ 42. Kh2 Kf7 43. f5 Ke7 44. Rb6 a4 45. Ra6 Kf7 46. Rb6 Kg7 47. Ra6 Kf7 48. Rb6 Rb3 49. Ra6 a3 50. Ra4 Kf6 51. Ra5 Kg5 52. Kh1 Kg4 53. f6 Kg3 54. Rg5+ Kh4 55. Rf5 a2 56. Rf1 Rb1 0-1


[Site "https://www.chess.com"]

[Event "Titled Tuesday Blitz December 06 Early 2022"]
[White "Moksh Amit Doshi"]
[Black "Manon-og, Ramon Jr."]
[WhiteFideId "25064967"]
[BlackFideId "5200776"]
[WhiteElo "2297"]
[BlackElo "2376"]
[Result "1-0"]
[Round "11"]
[TimeControl "180+1"]
[Date "2022.12.07"]
[WhiteClock "0:01:13"]
[BlackClock "0:00:38"]

1. e4 c5 2. Nf3 d6 3. Bb5+ Nd7 4. a4 a6 5. Be2 Ngf6 6. Nc3 g6 7. O-O Bg7 8. a5 O-O 9. Re1 Rb8 10. h3 b5 11. axb6 Nxb6 12. Bxa6 Bxa6 13. Rxa6 Qc8 14. Ra7 Re8 15. d3 c4 16. d4 Ra8 17. Rxa8 Qxa8 18. Bg5 Qa5 19. Qa1 Qb4 20. Bd2 Ra8 21. Qb1 Na4 22. Nxa4 Qxa4 23. c3 Qb3 24. e5 dxe5 25. Nxe5 Nd5 26. Qe4 e6 27. Nxf7 Ra6 28. Ng5 Qxb2 29. Qf3 Bf6 30. Ne4 Bg7 31. Nc5 Qxd2 32. Rb1 Ra8 33. Nxe6 Qc2 34. Rb7 Qc1+ 35. Kh2 Bh6 36. Qf7+ Kh8 37. Qxh7# 1-0


[Site "https://www.chess.com"]